cohdb
Replays
Latest Replays
All Replays
Popular Replays
Top Player Replays
Match Explorer
How It Works
Community
CoH3 Stats
Reddit
Sign in to upload your games and track your stats! →
Sign in with Steam
Match 44768586
Unlisted
Match 44768586
Overview
Messages
Build Orders
End
Vickers Machine Gun Team
Construct Section Command Post
ML 3-inch Mortar Team
Infantry Section
Infantry Section
Construct Field Infirmary
Construct Platoon Command Post
Unlock M3 Stuart Light Tanks
M3 Stuart Light Tank
Infantry Section
M3 Stuart Light Tank
Infantry Section
Selects Air and Sea Battlegroup
Selects Commando Section Paradrop
Selects M1 Pack Howitzer Paradrop
Commando Section Paradrop
Commando Section Paradrop
Commando Section Paradrop
Selects Incendiary Bombing Run
Grenade Package
Selects Naval Blockade
Selects UNKNOWN (223837)
Commando Section Paradrop
Construct Company Command Post
Incendiary Bombing Run
Selects Assault Flares
Selects Assault Flares
Crusader II Medium Tank
AkuBudakMalaya
PenikmatKopi
Kadet Kupat
okyms1120
Kuak Kuak
BreadGod
MOMO
lplp4943718
0
0
Comments
sign in to comment!
No comments posted yet!